 Dungeon Crawl Stone Soup version 0.14-a0-788-g14b720c (webtiles) character file.

2114 Impy the Skirmisher (level 8, -20/62 HPs)
             Began as a Demonspawn Death Knight on Nov 11, 2013.
             Was a Priest of Yredelemnul.
             Demolished by an orc wizard
             ... wielding a +0,+2 orcish dagger of electrocution
              (21 damage)
             ... on Level 6 of the Dungeon.
             The game lasted 00:19:55 (4889 turns).

Impy the Skirmisher (Demonspawn Death Knight)       Turns: 4889, Time: 00:19:56

HP -20/62        AC 18     Str 16      XL: 8   Next: 95%
MP  13/13        EV  4     Int  9      God: Yredelemnul [***...]
Gold 201         SH  0     Dex 12      Spells:  0 memorised,  7 levels left

Res.Fire  : . . .   See Invis. : +   m - +1,+0 whip (flame)
Res.Cold  : + . .   Warding    : .   o - +6 plate armour of Ladders and Snakes {rC+ Dex-3 Int-3 SInv}
Life Prot.: . . .   Conserve   : .   (no shield)
Res.Poison: .       Res.Corr.  : .   (no helmet)
Res.Elec. : .       Clarity    : .   (no cloak)
Sust.Abil.: . .     Spirit.Shd : .   (no gloves)
Res.Mut.  : .       Stasis     : .   (no boots)
Res.Rott. : .       Flight     : .   (no amulet)
Saprovore : . . .                    (no ring)
                                     r - ring of see invisible

@: slightly resistant to hostile enchantments, extremely unstealthy
A: hooves 2, powered by death 2, Dex +2
a: Animate Dead, Recall Undead Slaves, Injury Mirror, Renounce Religion


You were on level 6 of the Dungeon.
You worshipped Yredelemnul.
Yredelemnul was most pleased with you.
You were hungry.

You visited 1 branch of the dungeon, and saw 6 of its levels.

You collected 201 gold pieces.

Inventory:

Hand weapons
 a - a +1,+0 mace
 g - a +1,+2 dwarven short sword of venom
 k - a +5,+2 flail of holy wrath
 m - a +1,+0 whip of flaming (weapon)
Armour
 n - a cursed +1 ring mail of magic resistance
 o - the +6 plate armour of Ladders and Snakes (worn) {rC+ Dex-3 Int-3 SInv}
   (You found it on level 5 of the Dungeon)

   It affects your intelligence (-3).
   It affects your dexterity (-3).
   It protects you from cold.
   It enhances your eyesight.
Comestibles
 c - 3 bread rations
 i - an apple
 j - 2 meat rations
Scrolls
 d - 3 scrolls of identify
 e - 3 scrolls of teleportation
 f - a scroll of fog
 h - a scroll of noise
 q - a scroll of remove curse
Jewellery
 r - a ring of see invisible (left hand)
Potions
 l - a potion of restore abilities


   Skills:
 + Level 7.2 Fighting
 + Level 6.2 Maces & Flails
 + Level 6.0 Armour
 - Level 0.8 Dodging
 - Level 3.6 Invocations


You had 7 spell levels left.
You didn't know any spells.

Dungeon Overview and Level Annotations

Branches:
Dungeon (6/27)
 Temple: D:4-7          Orc: D:6-11

Altars:
Elyvilon
Trog

Shops:
D:4 *


Innate Abilities, Weirdness & Mutations

You have hoof-like feet.
You have a somewhat thin skeletal structure (Dex +2, Stlth).
You can steal the life force of defeated enemies.


Message History

You closely miss the orc wizard. Your kick misses the orc wizard.
The orc wizard is almost dead.
The orc wizard casts a spell at you. The magic dart hits you!
* * * LOW HITPOINT WARNING * * *
The orc wizard hits you but does no damage.
You are electrocuted!
* * * LOW HITPOINT WARNING * * *
Read which item? (? for menu, Esc to quit)
Okay, then.
You hit the orc wizard. You burn the orc wizard.
The orc wizard is almost dead.
The orc wizard hits you but does no damage.
You closely miss the orc wizard. Your kick misses the orc wizard.
The orc wizard is almost dead.
The orc wizard hits you with an orcish dagger of electrocution.
* * * LOW HITPOINT WARNING * * *
You are electrocuted!
You die...
Your body rises from the dead as a mindless zombie.

#.#.# #.. ..##.#$# #.#
...#.# #.# ####.#.###.#
............#
.#####.......##
#.......#.###..#######..
#.#####.).# #....)......
#......@#######.#######.
#.#####o...<).#.#
.....#####>#.### ###.#
#.....# ..# #.#.#.# .##
#.#.#.# . #.#.#.# #.
#.....# . #.#.###


You could see an orc wizard.

Vanquished Creatures
  Pikel (D:4)
  Edmund (D:4)
  Menkaure (D:6)
  A sky beast (D:5)
  An ice beast (D:5)
  4 slaves (D:4)
  An ogre (D:5)
  Sigmund (D:4)
  Duvessa (D:4)
  A water moccasin (D:5)
  4 wights
  Dowan (D:4)
  A crimson imp (D:5)
  A hound (D:4)
  An orc priest (D:4)
  2 jellies
  A centaur skeleton (D:4)
  2 iguanas (D:5)
  2 orc wizards
  A worker ant (D:4)
  10 adders
  4 gnolls (D:3)
  A giant mite (D:5)
  An adder skeleton (D:4)
  4 giant geckos
  2 oozes
  23 orcs
  12 bats
  3 giant cockroaches
  12 hobgoblins
  2 jackals (D:3)
  3 quokkas
  3 ball pythons
  3 giant newts
  9 goblins
  10 kobolds
  An orc zombie (D:5)
  5 rats
137 creatures vanquished.

Vanquished Creatures (collateral kills)
  An orc (D:4)
1 creature vanquished.

Vanquished Creatures (others)
  A human zombie (D:4)
  A bat skeleton (D:4)
  2 orc zombies (D:4)
  A quokka zombie (D:4)
5 creatures vanquished.

Grand Total: 143 creatures vanquished

Notes
Turn   | Place    | Note
--------------------------------------------------------------
     0 | D:1      | Impy, the Demonspawn Death Knight, began the quest for the Orb.
     0 | D:1      | Reached XP level 1. HP: 16/16 MP: 2/2
    39 | D:1      | Reached skill level 1 in Armour
   298 | D:1      | Gained mutation: You can steal the life force of nearby defeated enemies. [demonic ancestry]
   298 | D:1      | Reached XP level 2. HP: 19/22 MP: 4/4
   719 | D:1      | Gained mutation: You have large cloven feet. [demonic ancestry]
   719 | D:1      | Reached XP level 3. HP: 27/27 MP: 5/5
  1000 | D:2      | Paralysed by a potion of paralysis for 4 turns
  1025 | D:2      | Found a bloodstained altar of Trog.
  1370 | D:2      | Acquired Yredelemnul's second power
  1487 | D:2      | Gained mutation: You have a somewhat thin skeletal structure (Dex +2, Stlth). [demonic ancestry]
  1487 | D:2      | Reached XP level 4. HP: 34/34 MP: 7/7
  1786 | D:3      | Gained mutation: You can steal the life force of defeated enemies. [demonic ancestry]
  1786 | D:3      | Reached XP level 5. HP: 40/40 MP: 9/9
  2404 | D:4      | Noticed Duvessa
  2404 | D:4      | Noticed Dowan
  2535 | D:4      | Reached skill level 4 in Fighting
  2553 | D:4      | Noticed a slave
  2560 | D:4      | Noticed Pikel
  2565 | D:4      | Noticed a slave
  2569 | D:4      | Killed a slave
  2569 | D:4      | Acquired Yredelemnul's third power
  2826 | D:4      | Killed a slave
  2882 | D:4      | Gained mutation: You have hoof-like feet. [demonic ancestry]
  2882 | D:4      | Reached XP level 6. HP: 37/47 MP: 10/10
  2904 | D:4      | Noticed a slave
  2918 | D:4      | Killed a slave
  3204 | D:4      | Noticed Edmund
  3214 | D:4      | Noticed a slave
  3232 | D:4      | Found Tramaraa's Assorted Antiques.
  3232 | D:4      | Noticed Sigmund
  3235 | D:5      | Entered Level 5 of the Dungeon
  3295 | D:5      | Got a smelly plate armour
  3297 | D:5      | Identified the cursed +6 plate armour of Ladders and Snakes {rC+ Dex-3 Int-3 SInv} (You found it on level 5 of the Dungeon)
  3439 | D:5      | Reached XP level 7. HP: 47/53 MP: 12/12
  3459 | D:5      | Reached skill level 5 in Fighting
  3936 | D:4      | Killed Edmund
  4042 | D:4      | Killed a slave
  4070 | D:4      | Killed Pikel
  4070 | D:4      | Reached skill level 6 in Fighting
  4070 | D:4      | Reached skill level 5 in Maces & Flails
  4070 | D:4      | Reached skill level 5 in Armour
  4070 | D:4      | Reached XP level 8. HP: 45/61 MP: 13/13
  4248 | D:4      | Killed Sigmund
  4495 | D:4      | Killed Duvessa
  4501 | D:4      | Killed Dowan
  4573 | D:6      | Noticed Menkaure
  4630 | D:6      | Found a white marble altar of Elyvilon.
  4699 | D:6      | Killed Menkaure
  4699 | D:6      | Reached skill level 7 in Fighting
  4887 | D:6      | HP: 1/62 [orc wizard/orcish dagger of electrocution (13)]
  4889 | D:6      | Demolished by an orc wizard

Action                   |  1- 3 |  4- 6 |  7- 9 || total
-------------------------+-------+-------+-------++-------
Melee: Mace              |    30 |     9 |     5 ||    44
       Short sword       |    84 |   223 |   163 ||   470
       Whip              |       |       |    62 ||    62
Invok: Injury Mirror     |       |     1 |       ||     1
       Animate Dead      |       |     2 |       ||     2
  Use: Potion            |     5 |     6 |     4 ||    15
       Scroll            |     4 |     5 |     4 ||    13
